AoeStats
← L0rdDmbrngr

African Clearing

510868881Analyzed
3v3 RM · 12h ago on Oct 2, 2026· 55m 39s· 6 players
Game mode
Random Map
Map size
Normal (6 player)
Population
200
Speed
Normal
Resources
Standard
Victory
Conquest
Starting age
Dark Age
Ending age
Imperial Age
RankedLock teamsTeams togetherTeam positionsShared explorationLock speedFull tech treeHidden civsTurbo modeCheats
Victory
Defeat
🇹🇷 Franks · Türkiye
1001
+13
🇹🇷 Huns · Türkiye
969
+14
🇹🇷 Saxons · Türkiye
947
+15
🇭🇷 Persians · Croatia
991
-17
🇮🇪 Hindustanis · Ireland
930
-14
🇩🇪 Romans · Germany
862
-11
L0rdDmbrngr
5:00 Loom
15:23 Feudal Age
19:43 Double-Bit Axe
20:28 Town Watch
24:40 Castle Age
23:33 Horse Collar
24:33 Bloodlines
24:30 Scale Barding Armor
24:16 Fletching
26:02 Forging
26:49 Husbandry
28:22 Wheelbarrow
29:49 Scale Mail Armor
33:48 Stone Mining
34:29 Heavy Plow
36:42 Gold Mining
40:30 Imperial Age
38:22 Masonry
38:24 Squires
40:16 Stone Shaft Mining
40:16 Gold Shaft Mining
41:14 Chain Barding Armor
41:30 Iron Casting
42:38 Chain Mail Armor
42:18 Bodkin Arrow
43:08 Hand Cart
43:06 Arson
43:31 Heavy Camel Rider
46:20 Town Patrol
46:59 Plate Barding Armor
46:25 Bracer
48:45 Chemistry
47:41 Murder Holes
48:22 Conscription
49:33 Blast Furnace
48:46 Bow Saw
49:42 Imperial Camel Rider
52:55 Elite Ghulam
aHuRa_zg82
7:46 Loom
16:23 Feudal Age
20:25 Castle Age
19:32 Double-Bit Axe
25:26 Fletching
25:39 Padded Archer Armor
29:18 Parthian Tactics
33:24 Bodkin Arrow
38:42 Imperial Age
39:46 Conscription
42:35 Husbandry
42:47 Bloodlines
45:08 Gold Mining
45:10 Stone Mining
45:59 Wheelbarrow
45:11 Town Watch
45:50 Heavy Camel Rider
zyzyx
15:41 Feudal Age
19:31 Castle Age
17:38 Double-Bit Axe
17:39 Horse Collar
19:33 Gold Mining
19:34 Stone Mining
21:12 Loom
24:05 Wheelbarrow
29:16 Town Watch
29:47 Hand Cart
30:05 Bow Saw
31:24 Man-at-Arms
32:27 Heavy Plow
34:58 Scale Barding Armor
38:24 Fletching
41:51 Imperial Age
42:27 Ballistas
41:51 Long Swordsman
43:38 Chain Barding Armor
44:19 Gold Shaft Mining
44:28 Conscription
44:30 Heavy Scorpion
45:38 Pikeman
47:06 Squires
48:20 Halberdier
[JRA] MELITIAN
7:57 Loom
17:06 Feudal Age
18:23 Double-Bit Axe
19:57 Gold Mining
20:00 Stone Mining
24:12 Castle Age
22:44 Arson
23:21 Scale Mail Armor
23:31 Forging
26:22 Chain Mail Armor
26:43 Iron Casting
26:15 Stone Mining
28:32 Bow Saw
30:14 Squires
39:39 Imperial Age
40:38 Wheelbarrow
39:55 Horse Collar
44:29 Two-Man Saw
44:21 Hoardings
43:11 Elite Hearth Troop
43:48 Elite Varangian Guard
47:02 Plate Mail Armor
47:21 Hand Cart
47:13 Heavy Plow
47:49 Gold Shaft Mining
47:30 Shield Wall
51:10 Padded Archer Armor
51:00 Fletching
54:47 Clerical Recruitment
55:51 Conscription
[JRA] Dust In The Wİnd
13:53 Feudal Age
15:12 Loom
19:34 Castle Age
18:03 Forging
18:22 Scale Barding Armor
18:55 Double-Bit Axe
21:39 Iron Casting
21:42 Squires
23:39 Bow Saw
24:06 Chain Barding Armor
24:59 Wheelbarrow
25:46 Husbandry
25:52 Light Cavalry
31:33 Gold Mining
31:33 Stone Mining
31:56 Town Watch
34:55 Town Patrol
39:06 Imperial Age
36:56 Hand Cart
39:21 Cavalier
41:03 Blast Furnace
40:39 Plate Barding Armor
40:27 Conscription
40:37 Paladin
42:47 Gold Shaft Mining
48:20 Hoardings
[JRA]BATU
15:08 Feudal Age
21:09 Castle Age
19:36 Double-Bit Axe
23:07 Padded Archer Armor
24:49 Ballistics
24:37 Horse Collar
29:42 Wheelbarrow
28:53 Town Watch
30:46 Thumb Ring
32:17 Hand Cart
31:48 Loom
32:10 Stone Mining
32:25 Gold Mining
34:42 Bow Saw
35:10 Gold Shaft Mining
34:38 Heavy Plow
35:23 Leather Archer Armor
34:58 Fletching
39:25 Imperial Age
39:20 Husbandry
39:30 Bloodlines
39:19 Bodkin Arrow
40:53 Parthian Tactics
39:48 Heavy Cavalry Archer
42:31 Two-Man Saw
41:41 Bracer
42:21 Conscription
42:56 Town Patrol
45:08 Chemistry
Connection lost

Rejoining the realm…

Still unreachable

The connection could not be restored.

Session expired

The server has moved on; the page needs a fresh start.